Map: Orbital Shipyard

Players

BRUTE

  • Race: Zerg Zerg
  • League: Platinum

ImotoFantasy - Winner!

  • Race: Protoss Protoss
  • League: Platinum

VOD

Have the link to the VOD?

Description

Time

  • Played on: Oct. 29, 2015, 11:45 p.m.
  • Length: 19:33
Show
View Real Time Build Order
Export as new Build Order

BRUTE Zerg 

Build Orders: Hatch First 

Get SALT Encoding   

  12  0:00  Drone  
  13  0:08  Drone  
  14  0:16  Overlord  
  14  0:26  Drone, Extractor  
  14  0:29  Drone, Extractor  
  17  0:35  Drone  
  17  0:55  Hatchery  
  17  0:56  Drone  
  17  1:12  Drone, Spawning Pool  
  17  1:15  Drone  
  18  1:19  Drone  
  19  1:35  Extractor  
  18  1:42  Hatchery  
  18  1:44  Drone  
  18  1:46  Drone  
  19  1:52  Overlord  
  19  2:00  Zergling x2  
  20  2:05  Queen  
  22  2:09  Drone  
  23  2:18  Queen  
  25  2:23  Drone  
  25  2:24  Drone  
  25  2:27  Drone  
  28  2:43  Queen  
  30  2:44  Metabolic Boost  
  30  2:45  Drone  
  31  2:54  Overlord  
  31  2:55  Drone x2  
  31  2:58  Drone  
  34  3:00  Drone  
  35  3:07  Queen  
  35  3:09  Drone  
  38  3:17  Drone x3  
  41  3:22  Drone x2  
  41  3:24  Drone  
  44  3:28  Overlord  
  44  3:29  Drone  
  44  3:32  Drone  
  46  3:45  Drone  
  46  3:46  Drone x5  
  52  3:54  Evolution Chamber x2  
  50  4:00  Drone x5  
  55  4:04  Spore Crawler  
  55  4:06  Drone, Spore Crawler  
  55  4:09  Spore Crawler  
  53  4:16  Queen  
  55  4:24  Overlord  
  55  4:25  Overlord  
  55  4:26  Drone x3  
  55  4:29  Overlord  
  55  4:31  Extractor x2  
  57  4:33  Lair  
  57  4:35  Extractor, Zerg Melee Weapons Level 1  
  55  4:46  Zerg Ground Armor Level 1  
  55  4:55  Drone  
  55  4:56  Drone x2  
  55  4:57  Drone x2  
  55  4:58  Drone x3  
  63  5:00  Drone x2  
  63  5:01  Drone x2  
  63  5:02  Drone  
  68  5:10  Zergling x2  
  68  5:11  Zergling x10  
  74  5:15  Overlord  
  74  5:18  Hatchery  
  73  5:30  Overlord x4  
  73  5:32  Overseer  
  73  5:42  Overlord x3  
  73  5:43  Drone  
  73  5:44  Roach Warren  
  73  5:46  Drone  
  73  6:11  Infestation Pit  
  73  6:12  Drone  
  73  6:15  Queen x2  
  73  6:17  Zergling x2  
  73  6:18  Zergling x32  
  93  6:43  Drone x6, Extractor  
  93  6:44  Queen, Extractor  
  93  6:46  Drone x2  
  100  6:55  Hive  
  100  6:56  Spire  
  100  6:58  Spire  
  98  7:03  Drone  
  98  7:04  Drone, Extractor  
  98  7:05  Extractor  
  98  7:18  Overlord x3  
  97  7:24  Hatchery  
  87  7:32  Zerg Ground Armor Level 2, Zerg Melee Weapons Level 2  
  87  7:35  Drone x3  
  87  7:36  Drone x3  
  93  7:37  Drone x2  
  93  7:39  Drone x9  
  93  7:41  Spore Crawler  
  93  7:42  Spore Crawler  
  102  7:53  Drone x2  
  102  7:54  Drone x5  
  109  7:59  Queen  
  109  8:04  Overlord x2  
  109  8:08  Adrenal Glands  
  109  8:09  Zerg Flyer Weapons Level 1  
  109  8:10  Corruptor, Zerg Flyer Armor Level 1  
  106  8:22  Drone x2  
  106  8:23  Drone x2  
  106  8:24  Drone x9  
  119  8:33  Corruptor x3  
  119  8:34  Corruptor  
  121  8:35  Overlord  
  125  8:47  Corruptor x3  
  130  8:49  Extractor  
  130  8:50  Extractor  
  125  8:59  Hatchery  
  117  9:16  Spore Crawler  
  112  9:17  Spore Crawler  
  112  9:18  Spore Crawler  
  112  9:20  Drone x3  
  112  9:21  Drone x13  
  112  9:22  Drone x10  
  134  9:24  Corruptor x3  
  140  9:41  Corruptor x3  
  140  9:43  Overlord x2  
  146  9:50  Overlord  
  146  9:51  Corruptor  
  148  9:53  Zerg Ground Armor Level 3, Zerg Melee Weapons Level 3  
  148  10:04  Spore Crawler x2  
  148  10:06  Zerg Flyer Weapons Level 2  
  148  10:07  Zerg Flyer Armor Level 2  
  146  10:11  Zergling x2  
  146  10:12  Zergling x28  
  161  10:27  Queen  
  161  10:28  Drone  
  164  10:31  Corruptor x5, Zergling x2  
  164  10:32  Corruptor  
  177  10:37  Extractor  
  177  10:41  Extractor  
  175  10:48  Drone, Corruptor x4  
  168  11:01  Corruptor  
  168  11:02  Corruptor x3  
  163  11:07  Spore Crawler  
  163  11:08  Spore Crawler, Corruptor  
  163  11:09  Spore Crawler  
  144  11:36  Corruptor x5  
  144  11:37  Corruptor  
  144  11:45  Corruptor x2  
  144  11:46  Corruptor x3  
  133  11:56  Corruptor x3  
  133  11:58  Zergling x2  
  133  11:59  Zergling x38  
  133  12:00  Zergling x16  
  162  12:09  Corruptor x2  
  162  12:10  Corruptor  
  168  12:21  Corruptor  
  170  12:23  Hatchery  
  169  12:36  Zerg Flyer Armor Level 3  
  169  12:37  Zerg Flyer Weapons Level 3  
  169  12:43  Hatchery  
  143  13:01  Corruptor  
  143  13:02  Drone, Corruptor x7  
  141  13:19  Queen  
  143  13:20  Overlord x2  
  143  13:21  Corruptor x5  
  153  13:34  Corruptor  
  153  13:35  Corruptor x3  
  161  13:44  Queen  
  161  13:45  Drone  
  161  13:46  Drone x5  
  169  13:50  Extractor  
  168  13:59  Overlord  
  168  14:18  Spore Crawler, Extractor  
  168  14:19  Spawning Pool  
  157  14:24  Spore Crawler x2  
  157  14:26  Spore Crawler x2  
  157  14:28  Spore Crawler  
  157  14:29  Spore Crawler x2  
  143  14:49  Spore Crawler x2  
  143  14:50  Spore Crawler  
  143  14:51  Spore Crawler  
  143  14:52  Spore Crawler  
  134  15:04  Corruptor x10  
  136  15:17  Zergling x14  
  144  15:26  Ultralisk Cavern  
  135  15:41  Corruptor  
  135  15:42  Corruptor x6  
  140  15:54  Corruptor x2  
  143  16:08  Drone x3  
  144  16:18  Chitinous Plating  
  142  16:26  Ultralisk  
  106  17:20  Ultralisk x2  
  106  17:21  Zergling x6  
  128  17:33  Spine Crawler  
  118  17:50  Spine Crawler  
  91  18:12  Corruptor x2  
  43  18:30  Zergling x2  
  43  18:31  Zergling x8  
  38  18:41  Zergling x2  
  35  19:01  Hatchery  
Show
View Real Time Build Order
Export as new Build Order

ImotoFantasy Protoss - Winner!

Build Orders: Nexus First, Phoenix Opening 

Get SALT Encoding   

  12  0:01  Probe (Chrono Boost)  
  13  0:11  Probe (Chrono Boost)  
  14  0:19  Pylon  
  14  0:22  Probe (Chrono Boost)  
  15  0:38  Probe (Chrono Boost)  
  16  0:48  Probe (Chrono Boost)  
  17  0:59  Probe (Chrono Boost)  
  18  1:05  Nexus  
  18  1:11  Probe (Chrono Boost)  
  19  1:20  Gateway  
  19  1:22  Probe (Chrono Boost)  
  20  1:29  Assimilator  
  20  1:33  Probe (Chrono Boost)  
  20  1:37  Assimilator  
  21  1:44  Pylon  
  21  1:45  Probe (Chrono Boost)  
  22  1:56  Probe (Chrono Boost)  
  23  2:09  Cybernetics Core  
  23  2:10  Zealot  
  23  2:11  Probe (Chrono Boost)  
  26  2:17  Probe (Chrono Boost)  
  26  2:22  Probe (Chrono Boost)  
  28  2:28  Probe (Chrono Boost)  
  29  2:33  Probe (Chrono Boost)  
  30  2:40  Probe (Chrono Boost)  
  31  2:45  Mothership Core (Chrono Boost)  
  31  2:51  Probe (Chrono Boost)  
  33  3:01  Probe (Chrono Boost)  
  33  3:04  Probe (Chrono Boost)  
  35  3:12  Probe (Chrono Boost)  
  36  3:13  Stargate  
  36  3:14  Probe (Chrono Boost)  
  37  3:21  Nexus  
  37  3:22  Probe (Chrono Boost)  
  37  3:23  Pylon  
  37  3:25  Probe (Chrono Boost)  
  39  3:30  Pylon  
  39  3:33  Probe (Chrono Boost)  
  39  3:34  Pylon  
  40  3:35  Probe (Chrono Boost)  
  41  3:42  Warp Gate  
  41  3:47  Probe x2 (Chrono Boost)  
  43  3:49  Assimilator  
  43  3:51  Assimilator  
  43  3:54  Pylon  
  43  3:56  Probe (Chrono Boost)  
  43  3:57  Probe (Chrono Boost), Phoenix (Chrono Boost)  
  47  4:06  Probe  
  47  4:09  Probe  
  49  4:13  Forge  
  49  4:17  Probe  
  49  4:21  Probe  
  49  4:22  Phoenix (Chrono Boost)  
  53  4:28  Probe  
  54  4:31  Probe  
  54  4:34  Probe  
  56  4:38  Probe  
  56  4:39  Fleet Beacon  
  56  4:43  Phoenix (Chrono Boost)  
  56  4:45  Probe  
  59  4:46  Probe  
  59  4:50  Photon Cannon  
  59  4:52  Probe, Photon Cannon  
  62  5:05  Phoenix (Chrono Boost)  
  64  5:07  Photon Cannon  
  64  5:12  Probe  
  64  5:13  Probe x2  
  66  5:17  Stargate  
  67  5:22  Pylon  
  67  5:24  Carrier (Chrono Boost)  
  67  5:28  Protoss Air Weapons Level 1 (Chrono Boost)  
  73  5:29  Assimilator  
  73  5:30  Pylon  
  73  5:31  Probe, Assimilator  
  73  5:35  Pylon  
  74  5:44  Probe  
  74  5:45  Probe x2  
  77  6:01  Carrier (Chrono Boost)  
  83  6:06  Probe x3  
  86  6:12  Stargate  
  86  6:15  Pylon  
  86  6:18  Probe x3, Pylon  
  89  6:42  Carrier (Chrono Boost)  
  101  7:05  Photon Cannon  
  101  7:08  Carrier (Chrono Boost), Photon Cannon  
  101  7:11  Pylon  
  101  7:12  Photon Cannon  
  101  7:14  Photon Cannon  
  101  7:17  Carrier (Chrono Boost)  
  101  7:18  Photon Cannon  
  107  7:28  Protoss Air Weapons Level 2  
  107  7:44  Stargate  
  107  7:46  Pylon  
  107  7:49  Pylon  
  107  7:52  Pylon  
  107  7:57  Carrier (Chrono Boost)  
  117  8:31  Carrier (Chrono Boost)  
  117  8:33  Carrier (Chrono Boost)  
  129  8:50  Pylon x2, Carrier (Chrono Boost)  
  124  9:10  Probe x3  
  124  9:11  Carrier (Chrono Boost)  
  124  9:13  Nexus  
  133  9:33  Graviton Catapult  
  133  9:42  Photon Cannon  
  133  9:43  Photon Cannon  
  133  9:45  Void Ray (Chrono Boost), Photon Cannon  
  135  9:47  Photon Cannon  
  135  9:49  Photon Cannon  
  135  9:51  Photon Cannon  
  135  9:52  Protoss Air Weapons Level 3  
  139  9:53  Void Ray (Chrono Boost)  
  139  9:54  Photon Cannon  
  139  9:57  Pylon  
  139  9:59  Probe x3  
  142  10:00  Pylon  
  146  10:08  Assimilator  
  146  10:10  Void Ray (Chrono Boost)  
  146  10:14  Assimilator  
  146  10:19  Twilight Council  
  146  10:22  Void Ray (Chrono Boost), Robotics Facility  
  146  10:24  Gateway x2  
  146  10:26  Void Ray (Chrono Boost)  
  146  10:27  Gateway  
  154  10:30  Gateway  
  154  10:32  Gateway  
  154  10:34  Gateway  
  158  10:43  Void Ray (Chrono Boost)  
  134  11:15  Void Ray x2 (Chrono Boost)  
  146  11:20  Void Ray (Chrono Boost)  
  142  11:59  Carrier x2 (Chrono Boost)  
  166  12:10  Carrier (Chrono Boost)  
  166  12:11  Carrier (Chrono Boost)  
  166  12:14  Templar Archives  
  166  12:27  Charge  
  164  12:41  Zealot x2  
  164  12:42  Zealot x2  
  164  12:43  Zealot x3  
  176  12:54  Probe  
  176  12:55  Probe x2  
  176  12:56  Probe  
  166  13:08  Protoss Air Armor Level 1  
  166  13:10  Psionic Storm  
  166  13:13  Observer  
  166  13:17  Carrier (Chrono Boost)  
  167  13:21  Nexus, Protoss Ground Weapons Level 1 (Chrono Boost)  
  167  13:27  Carrier x2  
  167  13:31  Photon Cannon  
  167  13:33  Photon Cannon  
  185  13:35  Photon Cannon  
  185  13:38  Pylon, Photon Cannon  
  185  13:41  Pylon  
  185  13:49  High Templar x4  
  185  13:50  High Templar x3  
  185  13:54  Archon x2  
  185  13:55  Archon  
  199  14:07  Photon Cannon x2  
  199  14:11  Photon Cannon  
  199  14:15  Photon Cannon  
  199  14:18  Photon Cannon  
  199  14:34  Probe  
  182  15:09  High Templar  
  182  15:10  High Templar x3  
  182  15:12  High Templar x2  
  194  15:15  Archon x2  
  194  15:16  Archon  
  194  15:46  Nexus  
  194  15:48  Assimilator  
  194  15:50  Nexus  
  194  15:51  Assimilator  
  190  16:15  Pylon  
  190  16:16  Pylon  
  190  16:20  Pylon  
  174  16:51  Protoss Ground Weapons Level 2 (Chrono Boost)  
  174  16:54  Protoss Air Armor Level 2 (Chrono Boost)  
  174  17:03  High Templar x2  
  174  17:04  High Templar x4  
  158  18:15  Archon  
  158  18:16  Archon x2  
  168  18:31  Pylon  
  168  18:36  Pylon, Photon Cannon x2  
  168  18:38  Photon Cannon  
  168  18:41  Photon Cannon  
  168  18:42  Zealot x5, Photon Cannon  
  168  18:43  Zealot  
  168  18:44  Photon Cannon  
  168  18:46  Pylon  
  180  18:48  Assimilator  
  180  18:54  Assimilator  
  186  19:17  Photon Cannon  
  186  19:22  Nexus  
Tags
 
Add a new tag
Caveats
  • Supply blocks, unpowered buildings, or Contaminate may cause inaccurate times.
  • Supply counts are checked every 10 seconds.